 Dungeon Crawl Stone Soup version 0.29.0-15-g675c0067aa (webtiles) character file.

Game seed: 11542824495742634086

3 void236 the Caller (level 1, -3/10 HPs)
             Began as a Deep Elf Summoner on Sept 11, 2022.
             Killed from afar by Sigmund (8 damage)
             ... with a magic dart
             ... on level 1 of the Dungeon.
             The game lasted 00:02:19 (546 turns).

void236 the Caller (Deep Elf Summoner)               Turns: 546, Time: 00:02:20

Health: -3/10      AC:  5    Str:  5    XL:     1   Next: 41%
Magic:  4/6        EV: 12    Int: 19    God:
Gold:   10         SH:  0    Dex: 15    Spells: 5/6 levels left

rFire   . . .      SeeInvis .   c - +0 whip (venom)
rCold   . . .      Faith    .   (no shield)
rNeg    . . .      Spirit   .   a - +0 robe
rPois   .          Reflect  .   (no helmet)
rElec   .          Harm     .   (no cloak)
rCorr   .          Rampage  .   (no gloves)
Will    .....                   d - +2 pair of boots
Stlth   ++........              (no amulet)
HPRegen 0.03/turn               (no ring)
MPRegen 0.10/turn               (no ring)

@: no status effects
A: no striking features
a: no special abilities


You were on level 1 of the Dungeon.
You visited 1 branch of the dungeon, and saw 2 of its levels.

You collected 10 gold pieces.

Inventory:

Hand Weapons
 c - a +0 whip of venom (weapon)
Missiles
 g - 5 atropa-tipped darts (quivered)
Armour
 a - a +0 robe (worn)
 d - a +2 pair of boots (worn)
Scrolls
 e - a scroll of identify {unknown}
Potions
 b - a potion of magic
 f - a potion of berserk rage {unknown}


   Skills:
 + Level 0.2 Maces & Flails
 + Level 2.4 Dodging
 + Level 2.4 Stealth
 + Level 3.0 Spellcasting
 + Level 4.4 Summonings


You had 5 spell levels left.
You knew the following spells:

 Your Spells              Type           Power      Damage    Failure   Level
a - Summon Small Mammal   Summ           76%        N/A       2%          1

Your spell library contained the following spells:

 Spells                   Type           Power      Damage    Failure   Level
 Call Imp                 Summ           19%        N/A       3%          2
 Call Canine Familiar     Summ           19%        N/A       7%          3
 Summon Guardian Golem    Hex/Summ       11%        N/A       19%         3
 Summon Lightning Spire   Summ/Air       11%        N/A       52%         4


Dungeon Overview and Level Annotations

Branches:
Dungeon (2/15)

Altars:

Annotations:
D:1 Sigmund


Message History

Your quokka bites the endoplasm.
The endoplasm dies!
Found a scale mail.
You start putting on your armour.
You continue putting on your +2 pair of boots. x4
You finish putting on your +2 pair of boots.
You start resting.
Magic restored.
You start resting.
Your quokka disappears in a puff of smoke!
HP restored.
Your quokka disappears in a puff of smoke!
e - a scroll labelled MEGONU VUOSOKK As you open the door, it creaks loudly!
There is an open door here.
Found 10 gold pieces.
You open the door.
There is an open door here.
Found a ruby potion and 5 atropa-tipped darts.
You now have 10 gold pieces.
Found a stone staircase leading down.
f - a ruby potion You see here 5 atropa-tipped darts.
g - 5 atropa-tipped darts
There is a stone staircase leading down here.
You climb downwards.
Sigmund shouts!
There is a stone staircase leading up here.
Sigmund hits you with a +0 scythe.
Ouch! That really hurt!
You climb upwards.
There is a stone staircase leading down here.
Casting: Summon Small Mammal (safe; 2% risk of failure)
Confirm with . or Enter, or press ? or * to list all spells.
Casting: Summon Small Mammal (safe; 2% risk of failure)
Confirm with . or Enter, or press ? or * to list all spells.
Sigmund points at you and mumbles some strange words.
The magic dart hits you!
Ouch! That really hurt!
You die...

#.. .... #.# #..# #.#
#..####### #.#
###........# #
#######.###..........#
..#.. .................
..#.#####.###.##........
......##.......#@@#
.##.#'##..###..#.r#
#.............b.#
.##...............#
.##...............#
.##...............#
.###......#.#.#.### .#
##'##..#.#.#.# .#
#.....#.#.#..


You could see Sigmund (ally target), a friendly quokka (summoned) and a friendly
bat (summoned).

Vanquished Creatures (collateral kills)
  2 endoplasms (D:1)
  A bat (D:1)
3 creatures vanquished.

Notes
Turn   | Place    | Note
-------+----------+-------------------------------------------
     0 | D:1      | void236 the Deep Elf Summoner began the quest for the Orb.
     0 | D:1      | Reached XP level 1. HP: 10/10 MP: 6/6
   542 | D:2      | Noticed Sigmund
   546 | D:1      | Killed from afar by Sigmund

Illustrated notes

Levels and vault maps discovered:
D:1:      lightli_arrival_farm, layout_basic
D:2:      layout_rooms, ebering_ecumenical_altar_petrified, minmay_puff,
          uniq_sigmund

Action                   || total
-------------------------++-------
Melee: Whip              ||     3
 Cast: Summon Small Mamm ||     9
Armor: Robe              ||     8
Dodge: Dodged            ||    11
